 Dungeon Crawl Stone Soup version 0.29.0 (webtiles) character file.

Game seed: 18434679909464987386

17530 Dorkslayer the Severer (level 12, -10/113 HPs)
             Began as a Hill Orc Fighter on Sept 8, 2022.
             Was an Initiate of Gozag.
             Engulfed by an ice statue's freezing vapour (16 damage)
             ... in an ice cave.
             The game lasted 00:40:36 (15073 turns).

Dorkslayer the Severer (Hill Orc Fighter)          Turns: 15073, Time: 00:40:36

Health: -10/113    AC: 16    Str: 28    XL:     12   Next: 49%
Magic:  3/12       EV: 16    Int:  8    God:    Gozag
Gold:   1787       SH:  7    Dex: 12    Spells: 11/11 levels left

rFire   . . .      SeeInvis +   a - +3 war axe (chaos)
rCold   . . .      Faith    .   c - +2 buckler
rNeg    . . .      Spirit   .   e - +4 ring mail of Green Brilliance {rPois SInv}
rPois   +          Reflect  .   B - +0 helmet
rElec   .          Harm     .   f - +0 cloak
rCorr   .          Rampage  .   C - +0 pair of gloves {infuse}
Will    .....                   g - +0 pair of boots
Stlth   +.........              (no amulet)
HPRegen 0.28/turn               x - +4 ring of evasion
MPRegen 0.13/turn               l - +6 ring of strength

@: no status effects
A: no striking features
a: Renounce Religion, Potion Petition, Call Merchant, Bribe Branch


You were in an ice cave.
You worshipped Gozag.
Gozag was most pleased with you.
You visited 2 branches of the dungeon, and saw 13 of its levels.
You also visited: Sewer and Ice Cave.

You collected 2014 gold pieces.
You spent 33 gold pieces at shops.
You paid 194 gold pieces to Gozag.

Inventory:

Hand Weapons
 a - a +3 war axe of chaos (weapon)
 w - a +4 vorpal broad axe
Missiles
 d - 3 boomerangs of dispersal (quivered)
 v - 27 poisoned darts
 E - 2 curare-tipped darts
Armour
 c - a +2 buckler (worn)
 e - the +4 ring mail of Green Brilliance (worn) {rPois SInv}
   (You found it on level 6 of the Dungeon)

   rPois:     It protects you from poison.
   SInv:      It lets you see invisible.
 f - a +0 cloak (worn)
 g - a +0 pair of boots (worn)
 B - a +0 helmet (worn)
 C - a +0 pair of gloves of infusion (worn)
Jewellery
 l - a +6 ring of strength (right hand)
 x - a +4 ring of evasion (left hand)
Wands
 m - a wand of polymorph (13)
 p - a wand of digging (10)
 s - a wand of flame (11)
 y - a wand of charming (2)
 F - a wand of iceblast (3)
Scrolls
 h - 8 scrolls of teleportation
 i - a scroll of amnesia
 k - 4 scrolls of poison
 n - 2 scrolls of silence
 o - a scroll of fear
 D - a scroll of enchant armour
Potions
 b - a potion of ambrosia
 j - a potion of berserk rage
 r - 2 potions of magic
 t - a potion of brilliance
 u - 2 potions of mutation {unknown}
 G - a potion of degeneration {unknown}


   Skills:
 * Level 12.4 Fighting
 + Level 15.3 Axes
 + Level 1.7 Throwing
 + Level 7.9 Armour
 + Level 5.2 Dodging
 + Level 2.6 Stealth
 + Level 6.6 Shields
 * Level 6.7 Evocations


You had 11 spell levels left.
You didn't know any spells.
Your spell library contained the following spells:

 Spells                   Type           Power      Damage    Failure   Level
 Apportation              Tloc           0%         N/A       58%         1
 Magic Dart               Conj           0%         1d3       58%         1
 Necrotise                Necr           0%         1d4       58%         1
 Summon Small Mammal      Summ           0%         N/A       58%         1
 Ensorcelled Hibernation  Hex/Ice        0%         N/A       75%         2
 Passwall                 Tmut/Erth      0%         N/A       75%         2
 Poisonous Vapours        Pois/Air       0%         N/A       75%         2
 Searing Ray              Conj           0%         2d4       75%         2
 Call Canine Familiar     Summ           0%         N/A       92%         3
 Summon Guardian Golem    Hex/Summ       0%         N/A       92%         3
 Swiftness                Air            0%         N/A       92%         3
 Fulminant Prism          Conj/Hex       0%         3d6       100%        4
 Corpse Rot               Necr/Pois/Air  Unusable   N/A       N/A         4

Dungeon Overview and Level Annotations

Branches:
Dungeon (12/15)            Temple (1/1) D:7            Lair (0/5) D:11
    Orc (0/2) D:12          Sewer (visited)           IceCv (1/1)

Altars:
Elyvilon
Gozag
Uskayaw

Shops:
D:2 !   D:3 :   D:8 :

Annotations:
D:11 exclusion: oklob plant
D:12 Nessos IceCv exclusion: 3 ice statues


Message History

The ice beast is heavily wounded.
The ice beast closely misses you.
You closely miss the ice beast.
The ice beast is heavily wounded.
You block the ice beast's attack.
You hit the ice beast.
The ice beast is severely wounded.
You slice the ice beast!!
You kill the ice beast!
The ice beast disappears in a puff of smoke!
Really walk into a travel-excluded area?
The ice statue gestures.
The ice statue gestures at you. The shard of ice hits you!!
The ice statue glitters chillingly in the dim dungeon light.
You block the ice beast's attack.
You hit the ice statue but do no damage.
Space warps horribly around the ice statue!
The ice statue is lightly damaged.
You slash the ice beast!
The ice beast seems to slow down.
The ice statue gestures at you.
You hit the ice statue but do no damage.
The ice statue is lightly damaged.
You closely miss the ice beast. The ice statue gestures at you.
The freezing blast engulfs the ice beast but does no damage.
The ice beast hits you but does no damage.
You are engulfed in freezing vapours.
The ice statue gestures at you. The bolt of cold hits you!!
The ice statue gestures.
You are engulfed in freezing vapours.
The ice statue gestures at you. The shard of ice hits you!
* * * LOW HITPOINT WARNING * * *
The ice statue gestures at you. The freezing blast engulfs you!
* * * LOW HITPOINT WARNING * * *
You are engulfed in freezing vapours.
You die...
Your body crumbles into a pile of gold.

##...##
##.##
##...##
##.....##
#.......#
#.......#
#.......#
#)..○§☼.#
#).@○§.[#
####○####
#8☼Y○§☼.#
#°○○°.☼.#
#○○○☼...#
#☼○☼○...#
#8○.○...#
##.Y...##
##...##


There were no monsters in sight!

Vanquished Creatures
  Erolcha (D:11)
  A boulder beetle (D:11)
  A centaur warrior (D:11)
  Amaemon (D:10)
  Lodul (D:10)
  The ghost of FuelWaster the Grave Robber, a novice DsNe (D:6)
  A deep elf pyromancer (D:12)
  An ugly thing (IceCv)
  2 cyclopes (D:11)
  2 manticores (D:11)
  Maurice (D:8)
  Joseph (D:7)
  An orange demon (D:10)
  3 gargoyles (D:11)
  A kobold demonologist (D:11)
  Maggie (D:8)
  3 trolls
  A hornet (D:7)
  2 wraiths
  A dire elephant simulacrum (IceCv)
  A vampire (D:10)
  3 shadows
  15 yaks
  A wyvern (D:11)
  A steam dragon (D:7)
  3 vampire mosquitoes (D:11)
  2 death yak simulacra (IceCv)
  Pargi (Sewer)
  An ice beast (D:5)
  3 black bears
  2 sky beasts
  2 orc warriors (D:10)
  7 ogres
  4 centaurs
  4 kobold brigands
  2 necrophages (D:7)
  8 scorpions
  3 bullfrogs
  2 cane toad simulacra (IceCv)
  6 killer bees
  An elephant simulacrum (IceCv)
  5 howler monkeys
  5 jellies
  3 orc priests
  6 hounds
  5 iguanas
  Jessica (D:3)
  Natasha (thrice) (D:3)
  11 orc wizards
  A wolf simulacrum (IceCv)
  14 adders
  2 white imps
  A worm (D:5)
  33 orcs
  8 endoplasms
  6 giant cockroaches
  6 goblins
  4 hobgoblins
  4 jackals
  38 kobolds
  3 quokkas
  6 ball pythons
  4 bats
  6 frilled lizards
  7 rats
281 creatures vanquished.

Vanquished Creatures (others)
  A sky beast (D:7)
  4 killer bees (D:6)
  An orc wizard (D:7)
6 creatures vanquished.

Grand Total: 287 creatures vanquished

Notes
Turn   | Place    | Note
-------+----------+-------------------------------------------
     0 | D:1      | Dorkslayer the Hill Orc Fighter began the quest for the
                  | Orb.
     0 | D:1      | Reached XP level 1. HP: 19/19 MP: 1/1
   190 | D:1      | Reached XP level 2. HP: 27/27 MP: 2/2
   495 | D:1      | Reached skill level 3 in Axes
  1070 | D:2      | Reached XP level 3. HP: 31/33 MP: 3/3
  1140 | D:2      | Found Veaheyna's Distillery.
  1196 | D:2      | Bought a potion of curing for 33 gold pieces
  1932 | D:3      | Noticed Jessica
  1948 | D:3      | Killed Jessica
  1949 | D:3      | Reached skill level 4 in Axes
  1949 | D:3      | Reached skill level 1 in Dodging
  1949 | D:3      | Reached XP level 4. HP: 26/40 MP: 4/4
  2164 | D:3      | Found Ceompar's Book Emporium.
  2346 | D:3      | Found a faded altar of an unknown god.
  2446 | D:3      | Noticed a scorpion
  2457 | D:3      | Killed a scorpion
  2458 | D:3      | Reached skill level 5 in Axes
  2458 | D:3      | Reached XP level 5. HP: 45/47 MP: 5/5
  2636 | D:3      | Noticed Natasha
  2642 | D:3      | Killed Natasha
  2841 | D:3      | Noticed Natasha
  2851 | D:3      | Killed Natasha
  2852 | D:3      | Reached XP level 6. HP: 36/53 MP: 6/6
  3134 | D:3      | Noticed Natasha
  3142 | D:3      | Killed Natasha
  3252 | D:4      | Reached skill level 6 in Axes
  3310 | D:4      | Reached skill level 5 in Fighting
  3777 | D:4      | Noticed a black bear
  3794 | D:4      | Noticed a black bear
  3806 | D:4      | Killed a black bear
  3807 | D:4      | Reached XP level 7. HP: 35/61 MP: 7/7
  4005 | D:5      | Entered Level 5 of the Dungeon
  4054 | D:5      | Reached skill level 7 in Axes
  4062 | D:5      | Reached skill level 5 in Armour
  4069 | D:5      | Reached XP level 8. HP: 18/70 MP: 8/8
  4095 | D:5      | Reached skill level 8 in Axes
  4131 | D:5      | Found a glowing drain.
  4167 | Sewer    | Entered a sewer
  4473 | Sewer    | Noticed Pargi
  4492 | Sewer    | Killed Pargi
  5053 | D:6      | Reached skill level 9 in Axes
  5221 | D:6      | Noticed a wraith
  5246 | D:6      | Killed a wraith
  5247 | D:6      | Reached XP level 9. HP: 13/79 MP: 9/9
  5552 | D:6      | Identified the +4 ring mail of Green Brilliance {rPois
                  | SInv}
  5767 | D:6      | Found a transporter.
  5771 | D:6      | Found a transporter.
  5772 | D:6      | Noticed FuelWaster's ghost (novice DsNe)
  6222 | D:6      | Killed FuelWaster's ghost
  6223 | D:6      | Reached skill level 10 in Axes
  6223 | D:6      | Reached skill level 1 in Stealth
  6223 | D:6      | Reached skill level 1 in Evocations
  6383 | D:7      | Noticed a hornet
  6396 | D:7      | Killed a hornet
  6397 | D:7      | Reached skill level 5 in Shields
  6616 | D:7      | You fall into a shaft and drop 3 floors!
  6616 | D:10     | Entered Level 10 of the Dungeon
  6635 | D:9      | Noticed a troll
  6989 | D:7      | Found a staircase to the Ecumenical Temple.
  7002 | D:7      | Reached XP level 10. HP: 31/90 MP: 10/10
  7190 | D:7      | Reached skill level 11 in Axes
  7211 | Temple   | Entered the Ecumenical Temple
  7310 | Temple   | Became a worshipper of Gozag Ym Sagoz the Greedy
  7743 | D:7      | Noticed Joseph
  7752 | D:7      | Killed Joseph
  8161 | D:8      | Found Goregoh's Book Shop.
  8191 | D:8      | Noticed Maggie
  8195 | D:8      | Noticed Maurice
  8210 | D:8      | Killed Maggie
  8247 | D:8      | Killed Maurice
  8506 | D:8      | Reached skill level 12 in Axes
  8785 | D:8      | Found a hide-covered altar of Uskayaw.
  8790 | D:8      | Found a white marble altar of Elyvilon.
  9507 | D:9      | Reached skill level 10 in Fighting
  9754 | D:10     | Reached XP level 11. HP: 99/99 MP: 11/11
  9802 | D:10     | Noticed Lodul
 10205 | D:10     | Noticed Amaemon
 10224 | D:10     | Killed Amaemon
 10237 | D:10     | Reached skill level 13 in Axes
 10237 | D:10     | Reached skill level 5 in Evocations
 10738 | D:10     | Killed Lodul
 10739 | D:10     | Reached skill level 1 in Throwing
 11133 | D:11     | Reached skill level 5 in Dodging
 11257 | D:11     | Noticed Erolcha
 11265 | D:11     | Killed Erolcha
 11268 | D:11     | Noticed a centaur warrior
 11274 | D:11     | Noticed a manticore
 11281 | D:11     | Killed a centaur warrior
 11282 | D:11     | Reached skill level 14 in Axes
 11284 | D:11     | Killed a manticore
 11305 | D:11     | Noticed a cyclops
 11316 | D:11     | Killed a cyclops
 11555 | D:11     | Reached XP level 12. HP: 108/111 MP: 3/12
 11739 | D:11     | Noticed a boulder beetle
 11750 | D:11     | Killed a boulder beetle
 11949 | D:11     | Found a staircase to the Lair.
 12304 | D:12     | Noticed a two-headed ogre
 12316 | D:12     | Noticed Nessos
 12331 | D:12     | HP: 3/113 [Nessos/arrow (12)]
 12335 | D:12     | Noticed Nessos
 12335 | D:12     | Nessos changed into Nessos the salamander
 12348 | D:12     | Reached skill level 15 in Axes
 12425 | D:12     | Found a frozen archway.
 12434 | IceCv    | Entered an ice cave
 15073 | IceCv    | Engulfed by an ice statue's freezing vapour

Illustrated notes

Levels and vault maps discovered:
D:1:      dreamdust_arrival_beginning_and_end, layout_basic
D:2:      layout_loops_cross, serial_shops, nicolae_shop_advertising_works
          [nicolae_subvault_shop_adworks]
D:3:      layout_basic, shapermc_ecumenical_altar_venn, serial_shops,
          nicolae_shop_behind_doors, uniq_natasha, uniq_jessica
D:4:      layout_loops_cross
D:5:      layout_rooms, cheibrodos_sewer_entry_drain
D:6:      layout_basic, gammafunk_ghost_hive
D:7:      layout_loops_ring, minmay_temple_entry_large_hall,
          minmay_fractal_squares_diagonal_5, uniq_joseph
D:8:      layout_rooms, mainiacjoe_overflow_big_doors, serial_shops,
          nicolae_diamond_shop, uniq_maurice, uniq_maggie
D:9:      layout_basic, nicolae_benzene_ring
D:10:     layout_roguey, minmay_unpleasant_kobolds, uniq_amaemon, uniq_lodul
D:11:     minmay_angry_zag, layout_irregular_city, dpeg_oklobed_lair,
          uniq_erolcha
D:12:     layout_layer_cave, erik_orc_1, portal_ice_cave_entry_pillars_2,
          serial_glass, glass_columns_b, glass_columns_a, uniq_nessos,
          uniq_snorg
Temple:   mainiacjoe_temple_cubbyholes
IceCv:    ice_cave_statue_garden_chambered

Skill      XL: |  1  2  3  4  5  6  7  8  9 10 11 12 |
---------------+-------------------------------------+-----
Axes           | 3 4 5 6 7 9 10 12 14 15 | 15.3
Fighting       | 4 5 6 7 8 10 11 12 | 12.4
Dodging        | 1 2 3 4 5 |  5.2
Armour         | 4 5 6 7 |  7.9
Shields        | 4 5 6 |  6.6
Stealth        | 1 2 |  2.6
Evocations     | 2 4 6 |  6.7
Throwing       | 1 |  1.7

Action                   |  1- 3 |  4- 6 |  7- 9 | 10-12 || total
-------------------------+-------+-------+-------+-------++-------
Melee: War axe           |   138 |   143 |   340 |   132 ||   753
       Broad axe         |       |       |       |   392 ||   392
Throw: Dart              |       |       |       |    24 ||    24
       Boomerang         |       |       |       |     7 ||     7
Evoke: Wand              |       |       |     8 |     6 ||    14
  Use: Scroll            |       |     8 |    14 |    12 ||    34
       Potion            |       |     2 |    11 |     5 ||    18
 Stab: Invisible         |       |       |     1 |       ||     1
       Distracted        |       |       |       |     4 ||     4
Armor: Scale mail        |    60 |    70 |    85 |       ||   215
       Ring mail         |       |       |    37 |   123 ||   160
Dodge: Dodged            |    64 |    83 |   188 |   231 ||   566
Block: Buckler           |    39 |    28 |   102 |   131 ||   300
